Construct Section Command Post
Selects Canadian Shock Battlegroup
Selects Incendiary Munitions
Selects Canadian Shock Section
Construct Platoon Command Post
6-pounder Anti-tank Gun Team
6-pounder Anti-tank Gun Team
Unlock Bishop Self-propelled Artillery
6-pounder Anti-tank Gun Team
Construct Field Infirmary
Bishop Self-propelled Artillery
6-pounder Anti-tank Gun Team
6-pounder Anti-tank Gun Team
Selects Churchill Crocodile Heavy Tank
Churchill Crocodile Heavy Tank